 Dungeon Crawl Stone Soup version 0.28.0-62-gf88900778d (webtiles) character file.

Game seed: 7620666012550277697

2654 Nonny the Skirmisher (level 9, -2/79 (92) HPs)
             Began as a Troll Air Elementalist on Apr 10, 2023.
             Was an Initiate of Gozag.
             Slain by a wight
             ... wielding a +3 war axe
              (10 damage)
             ... on level 7 of the Dungeon on Apr 13, 2023.
             The game lasted 00:29:56 (5438 turns).

Nonny the Skirmisher (Troll Air Elementalist)       Turns: 5438, Time: 00:29:56

HP:   -2/79 (92)    AC:  8    Str: 18    XL:     9   Next: 36%
MP:   15/15         EV:  9    Int: 15    God:    Gozag
Gold: 857           SH:  0    Dex: 10    Spells: 5/18 levels left

rFire   . . .      SeeInvis .   v - staff of earth
rCold   . . .      Faith    .   (no shield)
rNeg    . . .      Spirit   .   a - +0 robe
rPois   .          Reflect  .   l - +0 hat
rElec   .          Harm     .   (no cloak)
rCorr   .          Rampage  .   (gloves unavailable)
Will    .....                   (boots unavailable)
Stlth   +.........              (no amulet)
HPRegen 1.03/turn               c - +4 ring of protection
MPRegen 0.14/turn               f - +4 ring of slaying

@: gold aura, heavily drained
A: large, unfitting armour, claws 3, regeneration 1, shaggy fur 1, tough skin 1
a: Renounce Religion, Potion Petition, Call Merchant, Bribe Branch


You were on level 7 of the Dungeon.
You worshipped Gozag.
Gozag was pleased with you.
You visited 2 branches of the dungeon, and saw 8 of its levels.

You collected 1131 gold pieces.
You paid 274 gold pieces to Gozag.

Inventory:

Missiles
 h - 10 poisoned darts
 x - a throwing net
Armour
 a - a +0 robe (worn)
 l - a +0 hat (worn)
Magical Staves
 v - a staff of earth (weapon)
Jewellery
 c - a +4 ring of protection (left claw)
 f - a +4 ring of slaying (right claw)
 r - a ring of magical power
 D - a ring of flight
Wands
 e - a wand of mindburst (16)
 y - a wand of flame (33)
 C - a wand of polymorph (7)
Scrolls
 g - a scroll of enchant armour {unknown}
 i - 6 scrolls of noise
 j - a scroll of enchant weapon {unknown}
 n - a scroll of brand weapon {unknown}
 o - 2 scrolls of torment {unknown}
 q - 3 scrolls of teleportation {unknown}
 u - a scroll of amnesia {unknown}
 A - 2 scrolls of magic mapping {unknown}
 B - 3 scrolls of fog
Potions
 b - 2 potions of resistance {unknown}
 d - a potion of flight
 k - a potion of curing
 p - a potion of ambrosia
 s - 2 potions of brilliance
 t - a potion of heal wounds
 w - a potion of invisibility {unknown}


   Skills:
 + Level 6.5 Fighting
 + Level 5.0 Staves
 - Level 1.5 Dodging
 - Level 1.0 Stealth
 + Level 5.2 Spellcasting
 - Level 0.6 Conjurations
 - Level 2.0 Air Magic


You had 5 spell levels left.
You knew the following spells:

 Your Spells              Type           Power      Damage    Failure   Level
a - Shock                 Conj/Air       28%        1d4       10%         1
b - Static Discharge      Conj/Air       7%         N/A       14%         2
c - Swiftness             Air            9%         N/A       22%         3
d - Ozocubu's Armour      Ice            3%         N/A       43%         3
e - Airstrike             Air            4%         N/A       56%         4

Your spell library contained the following spells:

 Spells                   Type           Power      Damage    Failure   Level
 Metabolic Englaciation   Hex/Ice        1%         N/A       99%         5
 Simulacrum               Ice/Necr       1%         N/A       100%        6


Dungeon Overview and Level Annotations

Branches:
Dungeon (7/15)             Temple (1/1) D:4

Altars:
Ashenzari
Cheibriados
Dithmenos
Elyvilon
Fedhas
Gozag
Hepliaklqana
Kikubaaqudgha
Makhleb
Nemelex Xobeh
Okawaru
Qazlal
Ru
Sif Muna
Trog
Uskayaw
Vehumet
Wu Jian
Xom
Yredelemnul
Zin
The Shining One

Shops:
D:7 =

Annotations:
D:7 Menkaure


Innate Abilities, Weirdness & Mutations

You are too large for most types of armour.
You have claws for hands.
Your natural rate of healing is unusually fast.
You are covered in fur. (AC +1)
You have tough skin. (AC +1)


Message History

The wight hits you but does no damage.
The wight hits you with a +2 short sword.
The wight hits you with a +3 war axe.
You feel drained.
You hit the wight.
The wight is severely damaged.
The wight hits you with a +3 flail!
You feel drained. The wight hits you but does no damage.
The wight closely misses you.
You hit the wight.
You destroy the wight!
The wight closely misses you. The wight hits you with a +3 war axe.
Your Staves skill increases to level 5!
Unknown command.
The wight throws a stone.
The stone barely misses you.
You hit the wight.
The wight is moderately damaged.
You closely miss the wight. You hit the wight.
The wight is moderately damaged.
The wight hits you with a +3 war axe!
You feel drained.
You hit the wight.
The wight is heavily damaged.
The wight hits you but does no damage.
You hit the wight but do no damage.
The wight is heavily damaged.
The wight barely misses you.
You hit the wight.
The wight is severely damaged.
The wight hits you with a +3 war axe!
* * * LOW HITPOINT WARNING * * *
You feel drained.
* * * LOW HITPOINT WARNING * * *
You hit the wight but do no damage.
The wight is severely damaged.
The wight hits you with a +3 war axe!
* * * LOW HITPOINT WARNING * * *
You barely miss the wight.
The wight is severely damaged.
The wight hits you with a +3 war axe!
You die...
Your body crumbles into a pile of gold.

#....# ### ##....## ##.##
#......# ##...#
#......######....#
##...............##
###.................#
#......$...z.##>....#
#...........z###..<.##
...........##@#..#(##
#..........#.....#.##
###.....#...........### ######
.....................###.##.#
..........∩......#.##..##....#
....#.........####.....#......
..##.#.......####....##......
..$.#..........#.........#
...###....#...(.#........##


You could see 2 wights.

Vanquished Creatures
  Pikel (D:7)
  Prince Ribbit (D:7)
  2 water moccasins
  2 orc warriors (D:6)
  A necrophage (D:6)
  2 black bears
  2 ogres
  2 centaurs
  A bullfrog (D:7)
  A scorpion (D:5)
  A water moccasin zombie (D:6)
  A water moccasin skeleton (D:6)
  A wight (D:7)
  2 hounds (D:5)
  A jelly (D:5)
  A bullfrog skeleton (D:5)
  2 centaur skeletons
  Terence (D:3)
  3 iguanas
  4 orc wizards (D:6)
  A killer bee zombie (D:4)
  A hound skeleton (D:5)
  A howler monkey skeleton (D:6)
  12 gnolls
  5 adders
  An ufetubus (D:4)
  3 worms
  A dart slug (D:4)
  9 orcs
  14 endoplasms
  3 giant cockroaches
  8 goblins
  7 hobgoblins
  3 jackals (D:5)
  43 kobolds
  2 quokkas (D:1)
  9 ball pythons
  A bat (D:2)
  2 frilled lizards (D:3)
  A rat (D:1)
159 creatures vanquished.

Vanquished Creatures (others)
  A withered plant (D:3)
1 creature vanquished.

Grand Total: 160 creatures vanquished

Notes
Turn   | Place    | Note
-------+----------+-------------------------------------------
     0 | D:1      | Nonny the Troll Air Elementalist began the quest for the
                  | Orb.
     0 | D:1      | Reached XP level 1. HP: 16/16 MP: 1/1
    78 | D:1      | +4 ring of protection northeast of start
    83 | D:1      | You fall into a shaft and drop 1 floor!
   138 | D:2      | Found a blossoming altar of Fedhas.
   223 | D:2      | Reached skill level 1 in Fighting
   223 | D:2      | Reached XP level 2. HP: 14/27 MP: 1/3
   261 | D:1      | +4 ring of slaying
   327 | D:1      | Book of Winter
   381 | D:1      | Reached XP level 3. HP: 33/33 MP: 4/4
   490 | D:1      | Starting vault: oval-like burst
   809 | D:2      | Learned a level 2 spell: Static Discharge
   973 | D:2      | Reached skill level 2 in Fighting
  1108 | D:3      | Reached XP level 4. HP: 42/42 MP: 6/6
  1201 | D:3      | Found a faded altar of an unknown god.
  1319 | D:3      | Ring of magical power
  1514 | D:3      | Noticed Terence
  1555 | D:3      | Killed Terence
  1873 | D:4      | KOELEIH CUNEUFF - noise
  1874 | D:4      | TYGEUGROXKI - vulnerability
  1875 | D:4      | IBEFUFYEDO - fog
  1963 | D:4      | Found a staircase to the Ecumenical Temple.
  1968 | D:4      | Temple entrance: Lava trail
  1969 | Temple   | Entered the Ecumenical Temple
  2242 | Temple   | Temple: Water triangles and lava squares
  2295 | Temple   | Became a worshipper of Gozag Ym Sagoz the Greedy
  2375 | D:4      | Noticed an ogre
  2376 | D:4      | Noticed a water moccasin
  2390 | D:4      | Killed an ogre
  2391 | D:4      | Reached XP level 5. HP: 52/52 MP: 6/8
  2398 | D:4      | Killed a water moccasin
  2399 | D:4      | Reached skill level 3 in Fighting
  2399 | D:4      | Reached XP level 6. HP: 51/61 MP: 6/9
  2450 | D:4      | I think it was a brown potion that was MIGHT.
  2704 | D:4      | Staff of earth
  3009 | D:5      | Entered Level 5 of the Dungeon
  3149 | D:5      | Reached skill level 4 in Fighting
  3267 | D:5      | Reached skill level 1 in Staves
  3267 | D:5      | Reached XP level 7. HP: 53/70 MP: 11/11
  3389 | D:5      | Kobold fort
  3790 | D:5      | Wand of acid towards the south; an orc picked it up
  3799 | D:5      | Found a radiant altar of Vehumet.
  4204 | D:6      | ring of flight
  4216 | D:6      | Noticed a two-headed ogre
  4259 | D:5      | Reached XP level 8. HP: 47/79 MP: 11/13
  4285 | D:5      | Learned a level 3 spell: Swiftness
  4346 | D:6      | Reached skill level 5 in Fighting
  4464 | D:6      | puce potion - brilliance
  4515 | D:6      | yellow potion - flight
  4515 | D:6      | MIOFIL JEYKKEN - identify
  4516 | D:6      | smoky coppery potion - heal wounds
  4517 | D:6      | silvery potion - ambrosia
  4620 | D:6      | First orc warrior
  4863 | D:6      | Learned a level 3 spell: Ozocubu's Armour
  4989 | D:7      | Found Ydiyxkol's Jewellery Shoppe.
  5003 | D:7      | Noticed Menkaure
  5043 | D:7      | Noticed Prince Ribbit
  5113 | D:7      | Killed Prince Ribbit
  5114 | D:7      | Reached skill level 6 in Fighting
  5114 | D:7      | Reached XP level 9. HP: 32/89 MP: 15/15
  5240 | D:7      | Noticed Pikel
  5292 | D:7      | Killed Pikel
  5293 | D:7      | Reached skill level 5 in Spellcasting
  5300 | D:7      | Learned a level 4 spell: Airstrike
  5344 | D:7      | emerald potion - curing
  5345 | D:7      | fuming white potion - degeneration
  5425 | D:7      | Reached skill level 5 in Staves
  5438 | D:7      | Slain by a wight

Illustrated notes .......... .S.......# .........# ###...!..... #.....# #.# #.#.#...##.# . ## ##.### ###..# ... .####...####....###..# ...#..≈..#.....#@...# .≈....≈....≈..8#........ ..≈..≈≈≈..≈...#####..... ...≈≈≈≈≈≈≈.....# .... .≈≈≈≈...≈≈≈≈...... ... ≈≈≈≈..<..≈≈≈≈≈..... .. .≈≈≈≈...≈≈≈≈....... . ...≈≈≈≈≈≈≈....!###. ..≈..≈≈≈..≈...## Turn 78 on D:1: +4 ring of protection northeast of start .#.. .... ... #. ..... ... ...# .. ...... .. #..# #.# ...... . #..###..# !###.. ##......##### ## .. ............ 8 #.#....... .# ###.....# .. #.@r..##### .##..##.....## #....###......#.. .................J. .....#####......... ....# #......... .... ##.....#.. ### #.....# .......# Turn 261 on D:1: +4 ring of slaying ####### .$ #.....# .#.. #.....# ....#######@....# ................# .......####(....# ................# .............### .##.........# #.........# #..†......# #.....)...# Turn 327 on D:1: Book of Winter

#### #.#.#...##.# ##...
#..### ##.#######..# #...
#....####...####....###..#.
##.....#..≈..#.....#....#
#8..≈....≈....≈..8#.......
##...≈..≈≈≈..≈...#####....
##.....≈≈≈≈≈≈≈.....#.. ...
#....≈≈≈≈...≈≈≈≈....... ..
#..≈≈≈≈≈..@..≈≈≈≈≈...... .
#....≈≈≈≈...≈≈≈≈........
###.....≈≈≈≈≈≈≈....!###..
#.##...≈..≈≈≈..≈...## ..
#.#8..≈....≈....≈..8#
#.#.....#..≈..#.....#
#.....####...####....
#...#######.## ##.
#...........#


Turn 490 on D:1: Starting vault: oval-like burst ########### ....†.....#
#########.# # #.# #########.############## ................@.......
####.####.############## #### #.# ..... ... ####. ##... ## ##... .. .... .#
####. . .# Turn 1319 on D:3: Ring of magical power #.#######..# #.#........#
#.#.######.# #.# #...##.# #.# #.#.##.# #.# #.#.##.# #.# #<.....# #.# #.#.####
#@# #.#.# ### #.#.# #.#.## ##### #....###≈≈≈# #.≈.#.#..≈## #.≈≈##.##..#
#.#≈≈.###### #.#.≈.# #.....# Turn 1873 on D:4: KOELEIH CUNEUFF - noise
#.#######..# #.#........# #.#.######.# #.# #...##.# #.# #.#.##.# #.# #.#.##.#
#.# #<.....# #.# #.#.#### #@# #.#.# ### #.#.# #.#.## ##### #....###≈≈≈#
#.≈.#.#..≈## #.≈≈##.##..# #.#≈≈.###### #.#.≈.# #.....# Turn 1874 on D:4:
TYGEUGROXKI - vulnerability #.#######..# #.#........# #.#.######.# #.# #...##.#
#.# #.#.##.# #.# #.#.##.# #§# #<.....# #§# #.#.#### #@# #.#.# ### #.#.# #.#.##
##### #....###≈≈≈# #.≈.#.#..≈## #.≈≈##.##..# #.#≈≈.###### #.#.≈.# #.....# Turn
1875 on D:4: IBEFUFYEDO - fog ####### ########### #8...8# #.........# #.....#
#.........# #..@..# #.........# #.....# #.........# #8...8# #.........# ###'###
#.........# ##.## #.........## ##≈.≈## #>........'. ##≈§§≈≈# #.........##
#≈≈≈§≈≈# #.######### #≈≈≈≈.####'## Turn 1968 on D:4: Temple entrance: Lava trail
##### #...# #._.##### ##.......######## ##@≈≈.≈≈≈≈.......# ##.≈≈≈.≈≈≈≈≈≈≈≈._.#
##.≈≈≈≈.≈≈≈≈≈≈≈≈...## ##.≈≈≈≈≈.≈≈≈≈≈≈≈.≈≈≈.# ####.≈≈≈≈≈≈≈.≈≈≈§≈.§§≈≈≈§
#...≈≈≈≈≈≈≈≈.≈≈≈§§≈§§§§§≈ #.<.≈≈≈≈≈≈≈≈.≈≈≈.§§≈§≈§§§ #....§.§≈≈≈≈.≈≈.≈≈≈§§§§§§
#.≈§≈≈≈≈.......≈≈≈≈≈≈§≈≈§ Turn 2242 on Temple: Temple: Water triangles and lava
squares #.# #.# #.# #.# #.# #.# #.# #.# #@# #.# #.# #.# #.# #.# #.# #.# #.###
Turn 2450 on D:4: I think it was a brown potion that was MIGHT. ###.. ≈≈ ..# ≈≈≈
.. #.. #.# #.# #.# #.# #.# #.# #.# ≈ #.# #.####≈.≈≈ #.# #.@....≈≈≈ #.#
#.####.... #.######.# # ########........# .........######## ########## Turn 2704
on D:4: Staff of earth ################### .....#)).....#....#
.....'.......#....# .....#########.(..## .....)).....#..(...#
.....(......'...@..+ .....().....#......# .....#########....##
.....'...)...#....# .....#.......#....# ###############''################
≈≈≈≈≈≈≈....≈≈≈≈≈≈≈≈≈≈≈≈≈≈≈ ≈≈≈≈≈≈.....≈≈≈≈≈≈≈≈≈≈≈≈≈≈≈ ≈≈≈≈≈≈≈....≈≈≈≈≈≈≈≈≈≈≈≈≈≈≈
Turn 3389 on D:5: Kobold fort ##...#....... ####........>... #...............
#...##.......... #.#.#........... ................. #.......#..........
#.......###..###... ####.).###.@## .. ##.## #...# #. ....## ....... #.......
##.#..... ####..## #... Turn 3790 on D:5: Wand of acid towards the south; an orc
picked it up ...##.. ###..... .....###### . . ######........# .
..#.#......^......###.. ....#.................. ........................
........................ ................@....... ..####.........#.##....#
...............#.# ##.# ...<#..........#.# ..#........###.#.# #.#.#.#....# #.#.#
...........# #.#.. ..#.#........# ### ###.##....##.... $ Turn 4204 on D:6: ring
of flight #.....# #.....# #. #.....# #...#.....# #...#...>.+ #...#.....#
#...#o{...# ##....@$$..# #..........# ...#. ###.........## ...#.#
............### ...#.##########......... .........................
.....###.###............# .........# #...########## .....###.###(..## Turn 4464
on D:6: puce potion - brilliance ......# #.....# #.....# #.....# #.....#####
#...#.....#...# #...#.....#.#.# #...#...@.'.#.# #...#.....###.# #...#.....# #.#
##.....))..# #.# #..........# #.# #. ###.....))..## #.# #.# ............####.#
#.##########..........# ......................# Turn 4515 on D:6: yellow potion
- flight ......# #.....# #.....# #.....# #.....##### #...#.....#...#
#...#.....#.#.# #...#...@.'.#.# #...#.....###.# #...#.....# #.# ##.....))..# #.#
#..........# #.# #. ###.....))..## #.# #.# ............####.#
#.##########..........# ......................# Turn 4516 on D:6: smoky coppery
potion - heal wounds ......# #.....# #.....# #.....# #.....##### #...#.....#...#
#...#.....#.#.# #...#...@.'.#.# #...#.....###.# #...#.....# #.# ##.....))..# #.#
#..........# #.# #. ###.....))..## #.# #.# ............####.#
#.##########..........# ......................# Turn 4517 on D:6: silvery potion
- ambrosia ##### ######## .....################......#
..........##.......##......# .........{##.......##.......
.........oh@......<...>..... #......o##.....>..........
#.......##.......#...##... #.......###########.....#' .........h..oo. #...###.
........$...... #....... #....#####...... #....### #.... ......#####.....# ....
......#.........# Turn 4620 on D:6: First orc warrior .. ........... .....
.......... ........# ........ .. ........###...... . ..................## #.#
....#..............#.... ....#................... ....#...........@...#
...................### # ...................#.###...#
........................K..# ....................#.##.5.#
....[.#.............#.# # ......##.#.........#### ......##.#.........#
..........#........## Turn 5344 on D:7: emerald potion - curing .. ...........
..... .......... ........# ........ .. ........###...... . ..................##
#.# ....#..............#.... ....#................... ....#...........@...#
...................### # ...................#.###...#
........................K..# ....................#.##.5.#
....[.#.............#.# # ......##.#.........#### ......##.#.........#
..........#........## Turn 5345 on D:7: fuming white potion - degeneration

Levels and vault maps discovered:
D:1:      eino_arrival_water_star, layout_rooms, minmay_tetromino_s4
D:2:      layout_loops_ring, basic_altar
D:3:      layout_basic, ebering_ecumenical_altar_petrified, uniq_terence
D:4:      black_bear_nest_2, layout_basic, minmay_temple_entry_fiery,
          serial_rivers, chequers_serial_rivers_micro_b,
          chequers_serial_rivers_small_b, chequers_serial_rivers_small_b,
          chequers_serial_rivers_marsh
D:5:      minmay_goblin_kobold_castle, layout_cave_pools, vehumet_altar_wand_db,
          minmay_misc_feat_enclosed
D:6:      layout_basic
D:7:      layout_cave_pools, serial_shops, shop, uniq_pikel, uniq_menkaure,
          uniq_prince_ribbit1
Temple:   mainiacjoe_temple_archimedes_tessellation

Skill      XL: |  1  2  3  4  5  6  7  8  9 |
---------------+----------------------------+-----
Fighting       | 1 2 3 4 6 |  6.5
Spellcasting   | 2 3 4 5 |  5.2
Staves         | 1 2 4 5 |  5.0
Dodging        | |  1.5
Stealth        | |  1.0
Conjurations   | |  0.6
Air Magic      | |  2.0

Action                   |  1- 3 |  4- 6 |  7- 9 || total
-------------------------+-------+-------+-------++-------
Melee: Unarmed           |    85 |    75 |       ||   160
       Staff             |       |    82 |   476 ||   558
       Punch             |       |       |     7 ||     7
 Cast: Shock             |    15 |       |       ||    15
       Ozocubu's Armour  |       |       |     2 ||     2
       Static Discharge  |       |       |     1 ||     1
Invok: Potion Petition   |       |       |     1 ||     1
Evoke: Wand              |       |       |     4 ||     4
  Use: Scroll            |       |     3 |     5 ||     8
       Potion            |       |     1 |     2 ||     3
 Stab: Sleeping          |     2 |     2 |     2 ||     6
Armor: Robe              |    33 |   108 |   317 ||   458
Dodge: Dodged            |    30 |   126 |   289 ||   445
